 Dungeon Crawl Stone Soup version 0.25.0-9-g26727b657a (webtiles) character file.

Game seed: 16767835891208194253

21 protoss039 the Vexing (level 2, -2/16 HPs)
             Began as a Vampire Enchanter on June 20, 2020.
             Slain by a rat (3 damage)
             ... on level 1 of the Dungeon.
             The game lasted 00:03:47 (352 turns).

protoss039 the Vexing (Vampire Enchanter)            Turns: 352, Time: 00:03:52

Health: -2/16      AC:  2    Str:  7    XL:     2   Next: 62%
Magic:  3/5        EV: 13    Int: 17    God:
Gold:   9          SH:  0    Dex: 14    Spells: 4/5 levels left

rFire    . . .     SeeInvis +   a - +1 dagger
rCold    + + .     Gourm    .   (no shield)
rNeg     + + +     Faith    .   b - +0 robe
rPois    ∞         Spirit   .   (no helmet)
rElec    .         Reflect  .   (no cloak)
rCorr    .         Harm     .   (no gloves)
MR       .....                  (no boots)
Stlth    +++++.....             (no amulet)
HPRegen  0.00/turn              (no ring)
MPRegen  0.09/turn              (no ring)

@: very slightly contaminated, bloodless
A: no food, fangs 3, see invisible, unbreathing
a: Revivify


You were on level 1 of the Dungeon.
You were bloodless.

You visited 1 branch of the dungeon, and saw 1 of its levels.

You collected 9 gold pieces.

Inventory:

Hand Weapons
 a - a +1 dagger (weapon)
Armour
 b - a +0 robe (worn)
Scrolls
 c - a scroll of fog {unknown}
 d - a scroll of teleportation {unknown}
 e - a scroll of enchant weapon {unknown}
Potions
 f - a potion of lignification {unknown}
 g - a potion of might {unknown}


   Skills:
 + Level 0.4 Fighting
 + Level 1.1 Short Blades
 + Level 2.5 Dodging
 + Level 4.8 Stealth
 + Level 2.1 Spellcasting
 + Level 4.9 Hexes


You had 4 spell levels left.
You knew the following spells:

 Your Spells              Type           Power        Failure   Level  Hunger
a - Corona                Hex            ###....      2%          1    N/A

Your spell library contained the following spells:

 Spells                   Type           Power        Failure   Level  Hunger
 Confusing Touch          Hex            ###.....     8%          3    N/A
 Tukima's Dance           Hex            ###.....     8%          3    N/A
 Ensorcelled Hibernation  Hex/Ice        ##....       11%         2    N/A
 Dazzling Flash           Conj/Hex       ##....       21%         3    N/A

Dungeon Overview and Level Annotations

Branches:
Dungeon (1/15)

Altars:


Innate Abilities, Weirdness & Mutations

You do not eat.
You do not regenerate when monsters are visible.
You are frail without blood (-20% HP).
You can heal yourself when you bite living creatures.
You are immune to poison.
You have razor-sharp teeth.
You have supernaturally acute eyesight. (SInv)
You can survive without breathing.


Message History

Now bloodless.
The rat bites you.
Continue your ritual? [Y]es or [N]o only, please.
Continue your ritual? [Y]es or [N]o only, please.
Continue your ritual?
* * * LOW HITPOINT WARNING * * *
The frilled lizard barely misses you.
You begin the revivification ritual.
You continue your ritual.
The rat bites you.
* * * LOW HITPOINT WARNING * * *
The frilled lizard closely misses you.
You continue your ritual.
The rat bites you.
* * * LOW HITPOINT WARNING * * *
The frilled lizard misses you.
You continue your ritual.
The rat bites you.
You die...

######................#
##..............g..#
#..................#
#..................##
#...................##
#.....................
#...............).....
##..............#.....
##..@..#.......#.....
##l#r#..............
####..w#..###...#...(.
.######.)......#
#...#.....
........##...###
#.........
#.##........##
#..b...... #.......?...
..!.......
..##...#.....
........... ...
#.>.##..### ..........


You could see a dart slug, a frilled lizard and a rat.

Vanquished Creatures
  An ooze (D:1)
  A giant cockroach (D:1)
  2 goblins (D:1)
  5 hobgoblins (D:1)
  4 bats (D:1)
  A kobold (D:1)
  A rat (D:1)
15 creatures vanquished.

Notes
Turn   | Place    | Note
-------+----------+-------------------------------------------
     0 | D:1      | protoss039 the Vampire Enchanter began the quest for the
                  | Orb.
     0 | D:1      | Reached XP level 1. HP: 13/13 MP: 3/3
   117 | D:1      | Reached XP level 2. HP: 15/19 MP: 3/5
   352 | D:1      | Slain by a rat

Illustrated notes

Levels and vault maps discovered:
D:1:      lightli_arrival_lavapool, layout_rooms, minmay_misc_feat_tower,
          minmay_tetromino_s4

Action                   || total
-------------------------++-------
Melee: Dagger            ||    67
       Bite              ||     9
 Cast: Corona            ||    16
 Abil: Exsanguinate      ||     1
       Revivify          ||     1
 Stab: Sleeping          ||     1
Armor: Robe              ||    29
Dodge: Dodged            ||    91
